 Dungeon Crawl Stone Soup version 0.29-a0-330-g52719c12eb (webtiles) character file.

Game seed: 13236752004046439639

92 night the Shooter (level 4, 0/36 HPs)
             Began as a Draconian Hunter on May 17, 2022.
             Succumbed to an adder's poison
             ... on level 3 of the Dungeon.
             The game lasted 00:03:52 (2167 turns).

night the Shooter (Draconian Hunter)                Turns: 2167, Time: 00:03:52

Health: 0/36       AC:  6    Str: 13    XL:     4   Next: 35%
Magic:  4/4        EV: 12    Int:  9    God:
Gold:   131        SH:  0    Dex: 17    Spells: 3/3 levels left

rFire   . . .      SeeInvis .   a - +1 shortbow
rCold   . . .      Faith    .   (shield currently unavailable)
rNeg    . . .      Spirit   .   (body armour unavailable)
rPois   .          Reflect  .   (helmet restricted)
rElec   .          Harm     .   (no cloak)
rCorr   .          Rampage  .   c - +0 pair of gloves
Will    .....                   (no boots)
Stlth   ++........              (no amulet)
HPRegen 0.12/turn               (no ring)
MPRegen 0.09/turn               (no ring)

@: brilliant, lethally poisoned (0 -> -6)
A: AC +5, unfitting armour, cold-blooded
a: no special abilities


You were on level 3 of the Dungeon.
You visited 1 branch of the dungeon, and saw 3 of its levels.

You collected 131 gold pieces.

Inventory:

Hand Weapons
 a - a +1 shortbow (weapon)
 b - a +1 quarterstaff of holy wrath
Missiles
 g - 6 poisoned darts
 i - 42 stones
Armour
 c - a +0 pair of gloves (worn)
Scrolls
 d - a scroll of enchant weapon {unknown}
 f - 3 scrolls of blinking
 h - a scroll of immolation
 j - 2 scrolls of identify
 k - 3 scrolls of enchant armour
 m - a scroll of magic mapping {unknown}
Potions
 l - a potion of magic
 n - a potion of curing {unknown}


   Skills:
 - Level 2.1 Fighting
 + Level 5.3 Bows
 - Level 1.7 Dodging
 - Level 0.8 Stealth


You had 3 spell levels left.
You didn't know any spells.
Your spell library contained the following spells:

 Spells                   Type           Power      Damage    Failure   Level
 Summon Small Mammal      Summ           0%         N/A       38%         1
 Ensorcelled Hibernation  Hex/Ice        0%         N/A       52%         2
 Passwall                 Tmut/Erth      0%         N/A       52%         2
 Call Canine Familiar     Summ           0%         N/A       77%         3
 Summon Guardian Golem    Hex/Summ       0%         N/A       77%         3
 Swiftness                Air            0%         N/A       77%         3


Dungeon Overview and Level Annotations

Branches:
Dungeon (3/15)

Altars:


Innate Abilities, Weirdness & Mutations

Your plain brown scales are hard. (AC +5)
You cannot fit into any form of body armour.
You are cold-blooded and may be slowed by cold attacks.


Message History

Blink to where?
Press: ? - help, Dir - move target, p - orc priest
As you read the scroll labelled XARANL DAZEO, it crumbles to dust.
It was a scroll of blinking.
You close the door.
You open the door.
An adder comes into view.
The adder hisses angrily.
There is an open door here.
An orc priest opens the door.
You close the door.
An orc comes into view. It is wielding a +0 vorpal hand axe.
The orc priest invokes the aid of Beogh against you.
Beogh smites you!
An orc opens the door.
The adder barely misses you. The adder attacks as you move away!
The adder bites you but does no damage.
The orc priest mumbles some strange prayers to Beogh against you.
Beogh smites you!
* * * LOW HITPOINT WARNING * * *
The adder attacks as you move away! The adder barely misses you.
The adder bites you but does no damage. The adder attacks as you move away!
The adder bites you.
* * * LOW HITPOINT WARNING * * *
You are poisoned.
The adder poisons you!
* * * LOW HITPOINT WARNING * * *
You feel sick.
As you read the scroll labelled JEQU LOECLASUEL, it crumbles to dust.
It is a scroll of identify.
k - 3 scrolls of enchant armour
* * * LOW HITPOINT WARNING * * *
You feel sick. The adder barely misses you.
It was a potion of brilliance.
You feel clever all of a sudden.
* * * LOW HITPOINT WARNING * * *
You feel sick. The adder bites you.
* * * LOW HITPOINT WARNING * * *
You are more poisoned.
The adder poisons you! The adder bites you but does no damage.
It was a potion of magic.
Magic courses through your body.
You die...

##.###### #.#.####..#
#.#######
........####.#.......#
#.......#
##...........######.##
#######.##
#######.###### #.#
####...# #####...## #.#
#....#.. .........# #.#
#.##...# #####.##.#
##.######.###.## #
#.##.#########........##
###
#.##...##...@##########.
#####.######....S..##
##... ......# #.###.o..#
#.... #####.# #.
###..####..# .. #.#####
##..≈≈o.# .. #####.....#
#o.≈≈..# .. ......#####
##..≈≈..## .. #######
#..'##'..### ..
#....#..#....###.#


You could see an adder and 2 orcs.

Vanquished Creatures
  3 adders
  5 worms (D:2)
  A dart slug (D:1)
  5 endoplasms
  2 giant cockroaches (D:2)
  6 goblins (D:2)
  2 hobgoblins (D:1)
  3 quokkas
  4 ball pythons
  4 bats
  5 frilled lizards
  4 kobolds
  4 rats
48 creatures vanquished.

Notes
Turn   | Place    | Note
-------+----------+-------------------------------------------
     0 | D:1      | night the Draconian Hunter began the quest for the Orb.
     0 | D:1      | Reached XP level 1. HP: 17/17 MP: 1/1
   315 | D:1      | Reached skill level 4 in Bows
   410 | D:1      | Reached XP level 2. HP: 24/24 MP: 2/2
   981 | D:2      | Reached XP level 3. HP: 16/29 MP: 3/3
  1338 | D:2      | Found a faded altar of an unknown god.
  1395 | D:2      | Reached skill level 5 in Bows
  1653 | D:3      | Reached XP level 4. HP: 36/36 MP: 4/4
  2164 | D:3      | HP: 5/36 [poisoned by an adder]
  2166 | D:3      | HP: 2/36 [adder (1)]
  2167 | D:3      | Succumbed to an adder's poison

Illustrated notes

Levels and vault maps discovered:
D:1:      minmay_arrival_cross, layout_basic
D:2:      layout_basic, hellmonk_ecumenical_altar_run_dry
D:3:      layout_loops_ring, mainiacjoe_overflow_two_lobes

Skill      XL: |  1  2  3 |
---------------+----------+-----
Bows           | 4 5 |  5.3
Fighting       | |  2.1
Dodging        | |  1.7
Stealth        | |  0.8

Action                   |  1- 3 |  4- 6 || total
-------------------------+-------+-------++-------
Melee: Quarterstaff      |     2 |       ||     2
 Fire: Shortbow          |   108 |    22 ||   130
  Use: Scroll            |       |     2 ||     2
       Potion            |       |     2 ||     2
Armor: Skin              |     8 |     7 ||    15
Dodge: Dodged            |    17 |     9 ||    26

Table legend: (Time is in decaauts)
 A = Elapsed time spent in this place.
 B = Non-inter-level travel time spent in this place.
 C = Inter-level travel time spent in this place.
 D = Time resting spent in this place.
 E = Time spent auto-exploring this place.
 F = Levels seen in this place.
 G = Mean time per level.
                   A        B        C        D        E       F      G
               +--------+--------+--------+--------+--------+-----+--------+
         Total |   2200 |   2178 |     22 |      5 |   1867 |   3 |  733.3 |
       Dungeon |   2200 |   2178 |     22 |      5 |   1867 |   3 |  733.3 |
               +--------+--------+--------+--------+--------+-----+--------+

Top non-repeatable levels by time:
     D:1: 916 daAuts
     D:3: 645 daAuts
     D:2: 638 daAuts
